 Dungeon Crawl Stone Soup version 0.30-a0-779-g7971cf19c3 (webtiles) character file.

Game seed: 8273226826462269303

14189 gelatine the Arsonist (level 11, -1/84 HPs)
             Began as a Demonspawn Fire Elementalist on Feb 18, 2023.
             Was a Priest of Vehumet.
             Slain by a fire crab (15 damage)
             ... on level 11 of the Dungeon.
             The game lasted 00:34:27 (10621 turns).

gelatine the Arsonist (DsFE)                       Turns: 10621, Time: 00:34:28

Health: -1/84      AC: 15    Str:  8    XL:     11   Next: 85%
Magic:  22/22      EV: 21    Int: 21    God:    Vehumet [***...]
Gold:   470        SH:  0    Dex: 20    Spells: 13/25 levels left

rFire   . . .      SeeInvis .    c - +4 quarterstaff (chaos)
rCold   . . .      Faith    .    (shield currently unavailable)
rNeg    . . .      Spirit   .    H - +0 steam dragon scales
rPois   .          Reflect  .    f - +0 helmet
rElec   .          Harm     .    S - +1 cloak
rCorr   +          Rampage  .    p - +1 pair of gloves
Will    .....                    (no boots)
Stlth   ++                       N - amulet of regeneration
HPRegen 1.14/turn                a - +5 ring of evasion
MPRegen 0.36/turn                L - +6 ring of dexterity

@: about to teleport
A: yellow scales 3, magic regeneration, weakness stinger 2
a: Renounce Religion


You were on level 11 of the Dungeon.
You worshipped Vehumet.
Vehumet was most pleased with you.
You visited 2 branches of the dungeon, and saw 12 of its levels.

You collected 860 gold pieces.
You spent 390 gold pieces at shops.

Inventory:

Hand Weapons
 c - a +4 quarterstaff of chaos (weapon)
 Q - a +4 dagger of venom
Missiles
 n - 2 throwing nets
Armour
 f - a +0 helmet (worn)
 p - a +1 pair of gloves (worn)
 E - +0 acid dragon scales
 H - +0 steam dragon scales (worn)
 S - a +1 cloak (worn)
Magical Staves
 G - a staff of fire
Jewellery
 a - a +5 ring of evasion (left hand)
 g - a ring of wizardry
 I - a ring of fire
 L - a +6 ring of dexterity (right hand)
 N - an amulet of regeneration (around neck)
Wands
 v - a wand of polymorph (10)
 F - a wand of quicksilver (3)
 M - a wand of roots (3)
Scrolls
 d - 2 scrolls of immolation
 h - a scroll of amnesia
 j - 2 scrolls of enchant weapon {unknown}
 k - a scroll of torment {unknown}
 m - 3 scrolls of teleportation
 o - a scroll of vulnerability {unknown}
 q - 2 scrolls of blinking {unknown}
 r - 2 scrolls of noise {unknown}
 t - 2 scrolls of fog
 u - a scroll of poison {unknown}
 w - 2 scrolls of fear {unknown}
 x - 3 scrolls of enchant armour
 y - 4 scrolls of brand weapon
 z - 2 scrolls of silence {unknown}
 J - a scroll of summoning {unknown}
 R - a scroll of acquirement {unknown}
Potions
 b - 3 potions of magic
 i - 5 potions of haste
 l - 2 potions of lignification
 s - 5 potions of curing {unknown}
 A - 2 potions of cancellation {unknown}
 B - 4 potions of brilliance {unknown}
 C - a potion of resistance
 D - a potion of attraction
 O - 2 potions of might {unknown}
 P - a potion of berserk rage


   Skills:
 * Level 7.0 Fighting
 + Level 1.2 Short Blades
 + Level 0.8 Staves
 + Level 4.0 Armour
 * Level 6.5 Dodging
 + Level 2.7 Stealth
 + Level 7.5 Spellcasting
 * Level 7.3 Conjurations
 * Level 0.5 Translocations
 * Level 1.2 Transmutations
 * Level 10.1 Fire Magic
 * Level 1.7 Poison Magic
 + Level 5.1 Evocations


You had 13 spell levels left.
You knew the following spells:

 Your Spells              Type           Power      Damage    Failure   Level
a - Foxfire               Conj/Fire      100%       2x1d9     1%          1
b - Scorch                Fire           100%       2d10      1%          2
c - Flame Wave            Conj/Fire      44%        2d11      1%          4
d - Momentum Strike       Conj/Tloc      48%        3d9       1%          2
e - Ignite Poison         Fire/Tmut/Pois 26%        N/A       1%          3

Your spell library contained the following spells:

 Spells                   Type           Power      Damage    Failure   Level
 Inner Flame              Hex/Fire       29%        N/A       1%          3
 Kindle Blastsparks       Fire/Tloc/Air  44%        2d13      1%          3
 Summon Small Mammal      Summ           28%        N/A       9%          1
 Call Canine Familiar     Summ           7%         N/A       26%         3
 Ozocubu's Armour         Ice            7%         N/A       26%         3
 Summon Guardian Golem    Hex/Summ       7%         N/A       26%         3
 Orb of Destruction       Conj           19%        9d8       63%         7
 Metabolic Englaciation   Hex/Ice        3%         N/A       93%         5
 Spellforged Servitor     Conj/Summ      11%        N/A       97%         7
 Simulacrum               Ice/Necr       3%         N/A       100%        6


Dungeon Overview and Level Annotations

Branches:
Dungeon (11/15)            Temple (1/1) D:5            Lair (0/5) D:11
    Orc: D:9-12

Altars:
Ashenzari
Cheibriados
Dithmenos
Fedhas
Gozag
Hepliaklqana
Kikubaaqudgha
Makhleb
Nemelex Xobeh
Okawaru
Qazlal
Ru
Sif Muna
Trog
Uskayaw
Vehumet
Wu Jian
Xom
Yredelemnul

Shops:
D:8 =   D:10 [


Innate Abilities, Weirdness & Mutations

You are completely covered in yellow scales. (AC +4, rCorr)
You regenerate magic rapidly.
You have a tail ending in a sharp stinger.


Message History

The fire crab claws you!
You are engulfed in flames!
* * * LOW HITPOINT WARNING * * *
You feel much better.
You are engulfed in blazing flames.
The fire crab bites you but does no damage.
The fire crab closely misses you.
You barely miss the fire crab.
The fire crab is lightly wounded.
The fire crab breathes flames at you. The blast of flame misses you.
You sock the fire crab!
The fire crab is moderately wounded.
You are engulfed in blazing flames.
* * * LOW HITPOINT WARNING * * *
The fire crab breathes flames at you. The blast of flame misses you.
The fire crab breathes flames at you. The blast of flame engulfs you.
* * * LOW HITPOINT WARNING * * *
You feel much better.
You are engulfed in blazing flames.
The fire crab bites you but does no damage.
The fire crab claws you.
You are engulfed in flames!
* * * LOW HITPOINT WARNING * * *
As you read the scroll labelled XIXIMU PADEIRCH, it crumbles to dust.
The scroll dissolves into smoke.
It was a scroll of fog.
The fire crab bites you but does no damage.
The fire crab closely misses you.
As you read the scroll labelled YSKEWOOPSA, it crumbles to dust.
It is a scroll of enchant armour.
Your +0 pair of gloves glows green for a moment.
The fire crab breathes flames at you. The blast of flame engulfs you.
* * * LOW HITPOINT WARNING * * *
As you read the scroll labelled DEYME WIUNABBA, it crumbles to dust.
You feel strangely unstable.
It was a scroll of teleportation.
The fire crab breathes flames at you.
The blast of flame engulfs you but does no damage.
The fire crab attacks as you move away! The fire crab bites you.
* * * LOW HITPOINT WARNING * * *
You are engulfed in flames!
You die...

..# #.........# [.#
########'## ###
########## #...#
.........## #####'####
..≈≈≈≈....# #........#
.≈≈§≈≈≈...#####........#
.≈≈..≈≈§§....##........#
.≈≈≈>°§§§§##..'........#
.§§§°°§§§@#####........#
..≈≈≈°°§t§# #........+
..§§≈°°§§§# #........#
.....°°§§§# #####+####
###.##.#### #. .. # ###
### +..


You could see a fire crab (poisoned).

Vanquished Creatures
  2 two-headed ogres (D:10)
  Lodul (D:10)
  An ugly thing (D:9)
  A gargoyle (D:11)
  Maggie (D:7)
  2 kobold demonologists (D:11)
  A komodo dragon (D:10)
  3 trolls
  Grinder (D:5)
  2 wraiths
  Sigmund (D:2)
  8 yaks
  2 wyverns (D:9)
  A steam dragon (D:7)
  5 vampire mosquitoes
  An acid dragon (D:11)
  2 water moccasins
  An ice beast (D:7)
  9 ogres (D:10)
  A centaur (D:10)
  2 phantoms
  3 kobold brigands
  2 bullfrogs
  2 necrophages
  2 gnoll sergeants
  3 scorpions
  5 wights (D:9)
  6 killer bees
  A howler monkey (D:3)
  7 hounds
  3 jellies
  3 orc priests
  Crazy Yiuf (D:7)
  2 gnoll boudas
  Natasha (twice) (D:2)
  4 iguanas
  8 orc wizards
  A mummy (D:5)
  Robin (D:3)
  21 gnolls
  6 adders
  2 river rats (D:3)
  2 shadow imps (D:5)
  3 white imps
  4 adder skeletons (D:3)
  4 worms
  2 dart slugs
  24 orcs
  5 ball pythons
  10 endoplasms
  7 giant cockroaches
  9 hobgoblins
  2 jackals (D:4)
  16 kobolds
  3 quokkas
  A ball python skeleton (D:3)
  3 bats
  6 frilled lizards
  17 goblins
  A jackal skeleton (D:3)
  2 quokka skeletons (D:3)
  7 rats
261 creatures vanquished.

Vanquished Creatures (collateral kills)
  2 foxfires (D:3)
2 creatures vanquished.

Vanquished Creatures (others)
  825 foxfires
825 creatures vanquished.

Grand Total: 1088 creatures vanquished

Notes
Turn   | Place    | Note
-------+----------+-------------------------------------------
     0 | D:1      | gelatine the Demonspawn Fire Elementalist began the quest
                  | for the Orb.
     0 | D:1      | Reached XP level 1. HP: 13/13 MP: 3/3
   113 | D:1      | Reached skill level 3 in Fire Magic
   171 | D:1      | Gained mutation: You are partially covered in yellow
                  | scales. (AC +2) [demonic ancestry]
   171 | D:1      | Reached XP level 2. HP: 13/19 MP: 0/5
  1063 | D:2      | Gained mutation: You regenerate magic rapidly. [demonic
                  | ancestry]
  1063 | D:2      | Reached XP level 3. HP: 19/24 MP: 0/6
  1169 | D:2      | Noticed Natasha
  1177 | D:2      | Killed Natasha
  1248 | D:2      | Noticed Sigmund
  1261 | D:2      | Killed Sigmund
  1262 | D:2      | Reached skill level 1 in Short Blades
  1262 | D:2      | Reached skill level 4 in Fire Magic
  1262 | D:2      | Gained mutation: You are mostly covered in yellow scales.
                  | (AC +3) [demonic ancestry]
  1262 | D:2      | Reached XP level 4. HP: 31/31 MP: 2/8
  1262 | D:2      | Gained mutation: You have a small tail. [demonic ancestry]
  1262 | D:2      | Reached XP level 5. HP: 36/36 MP: 2/9
  1334 | D:2      | Noticed Natasha
  1344 | D:2      | Killed Natasha
  1465 | D:2      | Found a faded altar of an unknown god.
  1564 | D:2      | Learned a level 2 spell: Scorch
  1942 | D:2      | Reached XP level 6. HP: 42/42 MP: 7/10
  2145 | D:3      | Found an iron altar of Okawaru.
  2317 | D:3      | Reached skill level 1 in Fighting
  2550 | D:3      | Reached skill level 1 in Armour
  2693 | D:3      | Found a burning altar of Makhleb.
  2693 | D:3      | Noticed a cacodemon
  3060 | D:3      | Noticed Robin
  3070 | D:3      | Killed Robin
  3071 | D:3      | Gained mutation: You are completely covered in yellow
                  | scales. (AC +4, rCorr) [demonic ancestry]
  3071 | D:3      | Reached XP level 7. HP: 48/48 MP: 1/12
  3497 | D:4      | Reached skill level 5 in Fire Magic
  3647 | D:4      | Found a blossoming altar of Fedhas.
  3946 | D:4      | You fall into a shaft and drop 2 floors!
  4236 | D:5      | Entered Level 5 of the Dungeon
  4254 | D:5      | Noticed Grinder
  4268 | D:5      | Killed Grinder
  4269 | D:5      | Gained mutation: You have a tail ending in a sharp stinger.
                  | [demonic ancestry]
  4269 | D:5      | Reached XP level 8. HP: 57/57 MP: 1/13
  4653 | D:5      | Found a bloodstained altar of Trog.
  4795 | D:5      | Found a hide-covered altar of Uskayaw.
  4863 | D:5      | Found a snail-covered altar of Cheibriados.
  4917 | D:5      | Found a stormy altar of Qazlal.
  5110 | D:5      | Found a staircase to the Ecumenical Temple.
  5121 | Temple   | Entered the Ecumenical Temple
  5307 | Temple   | Became a worshipper of Vehumet
  5750 | D:6      | Reached skill level 6 in Fire Magic
  6650 | D:6      | Learned a level 4 spell: Flame Wave
  6934 | D:7      | Reached XP level 9. HP: 65/65 MP: 12/15
  6979 | D:7      | Found a runed translucent door.
  6980 | D:7      | Noticed Crazy Yiuf
  6986 | D:7      | Killed Crazy Yiuf
  7073 | D:7      | Reached skill level 1 in Evocations
  7087 | D:7      | Noticed Maggie
  7096 | D:7      | Killed Maggie
  7373 | D:8      | Reached * piety under Vehumet
  7373 | D:8      | Offered knowledge of Shock by Vehumet.
  7383 | D:8      | Reached skill level 7 in Fire Magic
  7641 | D:8      | Reached skill level 5 in Spellcasting
  7872 | D:8      | Found Onowinlu's Jewellery Boutique.
  8251 | D:8      | Bought an amulet of regeneration for 390 gold pieces
  8411 | D:9      | Noticed a troll
  8418 | D:9      | Killed a troll
  8419 | D:9      | Reached skill level 5 in Conjurations
  8463 | D:9      | Reached skill level 5 in Dodging
  8463 | D:9      | Reached skill level 8 in Fire Magic
  8463 | D:9      | Reached skill level 5 in Evocations
  8463 | D:9      | Reached XP level 10. HP: 76/76 MP: 16/19
  8610 | D:9      | Noticed a purple ugly thing
  8617 | D:9      | Killed a purple ugly thing
  8704 | D:9      | Reached skill level 9 in Fire Magic
  8704 | D:9      | Reached XP level 11. HP: 81/81 MP: 14/20
  8708 | D:9      | Offered knowledge of Momentum Strike by Vehumet.
  8713 | D:9      | Reached ** piety under Vehumet
  8895 | D:10     | Entered Level 10 of the Dungeon
  8922 | D:10     | Learned a level 2 spell: Momentum Strike
  9025 | D:10     | Noticed Lodul
  9165 | D:10     | Noticed a two-headed ogre
  9166 | D:10     | Noticed a two-headed ogre
  9169 | D:10     | Killed a two-headed ogre
  9175 | D:10     | Killed a two-headed ogre
  9533 | D:10     | Found Xaurhy's Armour Boutique.
  9549 | D:10     | Found a hazy altar of Hepliaklqana.
  9593 | D:10     | Found an ornate altar of the Wu Jian Council.
  9817 | D:10     | Killed Lodul
 10152 | D:11     | Offered knowledge of Ignite Poison by Vehumet.
 10158 | D:11     | Learned a level 3 spell: Ignite Poison
 10202 | D:11     | Reached skill level 10 in Fire Magic
 10203 | D:11     | Reached *** piety under Vehumet
 10331 | D:11     | Reached skill level 1 in Transmutations
 10521 | D:11     | Reached skill level 1 in Poison Magic
 10599 | D:11     | Found a staircase to the Lair.
 10601 | D:11     | Noticed a fire crab
 10621 | D:11     | Slain by a fire crab

Illustrated notes

Levels and vault maps discovered:
D:1:      minmay_arrival_shoal_huts, layout_basic
D:2:      layout_basic, ebering_ecumenical_altar_ruins, uniq_natasha,
          uniq_sigmund
D:3:      layout_basic, makhleb_altar_promises_db, lemuel_tele_altar,
          serial_undead, serial_undead_f, serial_undead_a, serial_undead_d,
          serial_undead_a, serial_undead_f, serial_undead_e,
          portal_sewer_entry_e, amcnicky_mini_corridor_feature,
          cheibrodos_gnoll_hut, uniq_robin
D:4:      layout_rooms, mainiacjoe_overflow_boulevard,
          mainiacjoe_overflow_small_starburst, nicolae_figureground_pulse
D:5:      layout_basic, nicolae_uskayaw_murder_on_the_dancefloor,
          mainiacjoe_overflow_chevrons,
          mainiacjoe_overflow_concentric_impassable, slow_altar_1, temple_hall,
          minivault_14, minmay_misc_feat_alley, uniq_grinder
D:6:      layout_basic
D:7:      layout_basic, uniq_maggie, uniq_crazy_yiuf_cottage
D:8:      layout_loops_ring, serial_shops, nicolae_shop_statue_plus,
          dreamdust_princess_bridge, hangedman_decor_lopped, minmay_crystal_room
D:9:      layout_rooms, hangedman_decor_diamond_cutter, lightli_fourway_metalbox
D:10:     layout_loops_corners, nzn_hepliaklqana_mist_gate,
          pdpol_wu_jian_five_deadly_venoms, serial_shops, shop, uniq_lodul
D:11:     layout_roguey, minmay_lair_entry_lava
Temple:   chequers_temple_sunken

Skill      XL: |  1  2  3  4  5  6  7  8  9 10 11 |
---------------+----------------------------------+-----
Fire Magic     | 3 4 5 6 8 9 10 | 10.1
Stealth        | 2 |  2.7
Short Blades   | 1 |  1.2
Dodging        | 2 3 5 6 |  6.5
Spellcasting   | 3 4 6 7 |  7.5
Conjurations   | 2 3 4 6 7 |  7.3
Fighting       | 1 2 3 6 7 |  7.0
Armour         | 1 2 3 4 |  4.0
Evocations     | 5 |  5.1
Transmutations | 1 |  1.2
Poison Magic   | 1 |  1.7
Staves         | |  0.8
Translocations | |  0.5

Action                     |  1- 3 |  4- 6 |  7- 9 | 10-12 || total
---------------------------+-------+-------+-------+-------++-------
  Melee: Dagger            |    22 |    22 |    24 |       ||    68
         Unarmed           |     2 |       |       |       ||     2
         Tailslap          |       |     2 |     7 |     4 ||    13
         Punch             |       |       |     3 |       ||     3
         Staff             |       |       |    20 |    26 ||    46
         Quarterstaff      |       |       |       |     3 ||     3
   Cast: Foxfire           |    52 |   127 |   200 |    98 ||   477
         Scorch            |       |    11 |    57 |    68 ||   136
         Flame Wave        |       |       |     1 |     9 ||    10
    Use: Scroll            |       |       |     9 |     5 ||    14
         Potion            |       |       |     1 |     2 ||     3
 Armour: Robe              |     7 |    20 |    12 |       ||    39
         Steam dragon scal |       |       |    13 |    12 ||    25
  Dodge: Dodged            |    18 |    33 |    58 |    70 ||   179

Table legend: (Time is in decaauts)
 A = Elapsed time spent in this place.
 B = Non-inter-level travel time spent in this place.
 C = Inter-level travel time spent in this place.
 D = Time resting spent in this place.
 E = Time spent auto-exploring this place.
 F = Levels seen in this place.
 G = Mean time per level.
                   A        B        C        D        E       F      G
               +--------+--------+--------+--------+--------+-----+--------+
         Total |  10686 |  10328 |    358 |      0 |   8597 |  12 |  890.5 |
       Dungeon |  10441 |  10083 |    358 |      0 |   8397 |  11 |  949.2 |
        Temple |    245 |    245 |      0 |      0 |    199 |   1 |  245.0 |
               +--------+--------+--------+--------+--------+-----+--------+

Top non-repeatable levels by time:
     D:6: 1243 daAuts
    D:10: 1192 daAuts
     D:3: 1192 daAuts
     D:2: 1158 daAuts
     D:5: 1065 daAuts
     D:1: 989 daAuts
     D:8: 912 daAuts
     D:4: 859 daAuts
     D:9: 689 daAuts
     D:7: 667 daAuts
    D:11: 471 daAuts
  Temple: 245 daAuts
